[Event "CPA Zevio 2013"]
[Site "Casaleone"]
[Date "2013.01.12"]
[Round "1.13"]
[White "Zanchetta, Nicola"]
[Black "Baldaccini, Franco"]
[Result "1-0"]
[ECO "C41"]
[WhiteElo "1893"]
[BlackElo "1664"]
[PlyCount "127"]
[TimeControl "900+5"]

{222MB, Fritz13.ctg, NB} 1. e4 e5 2. Nf3 d6 3. d4 exd4 4. Qxd4
Nf6 5. Nc3 Be7 6. Bc4 O-O 7. O-O Bg4 8. Qe3 Nc6 9. Nd4 Nxd4
10. Qxd4 Be6 11. Nd5 Nxd5 12. exd5 Bd7 13. Bd3 f5 14. c3 Be8
15. Bc2 Bg6 16. f4 a6 17. Re1 b5 18. Bd2 Bf6 19. Qe3 Re8 20. Qf3 Qd7 21. Rxe8+ Rxe8 22. a4 Rb8 23. b4 Bf7 24. Qd3 g6 25.
Kf2 c5 26. dxc6 Qxc6 27. axb5 axb5 28. Ra3 Re8 29. Be3 Bc4 30. Qd2 Bh4+ 31. Kg1
Bd8 32. Kh1 Bb6 33. Bxb6 Re2 34. Qxe2 Bxe2 35. Bd4 Bf1 36. Bb3+ Kf8 37. Ra2 Bc4 38. Bxc4 bxc4 39. Kg1 Qe4
40. Rf2 h6 41. h4 Kf7 42. g3 g5 43. fxg5 hxg5 44. hxg5 Qg4 45. Kg2 Qxg5 46. Rf4
Ke6 47. b5 Kd7 48. b6 Kc6 49. Be3 Kb7 50. Re4 Qg8 51. Re7+ Kc6 52. Rc7+ Kb5 53.
b7 Qb8 54. Rf7 Kc6 55. Kf2 Qe8 56. Re7 Qh8 57. Ba7 Qh2+ 58.
Kf3 Qh1+ 59. Ke2 Qg2+ 60. Bf2 Qd5 61. b8=Q Qd3+ 62. Ke1 Qxc3+ 63. Kf1 Qd3+ 64.
Kg1 1-0